 Dungeon Crawl Stone Soup version 0.29.1 (webtiles) character file.

Game seed: 17004562508491948796

42950 qw the Severer (level 13, -3/128 HPs)
             Began as a Minotaur Berserker on Sept 13, 2022.
             Was a Priest of Trog.
             Slain by a six-headed hydra (4 damage)
             ... on level 5 of the Lair of Beasts.
             The game lasted 00:05:21 (18146 turns).

qw the Severer (Minotaur Berserker)                Turns: 18146, Time: 00:05:21

Health: -3/128     AC: 26    Str: 26    XL:     13   Next: 88%
Magic:  12/12      EV: 14    Int:  4    God:    Trog [***...]
Gold:   481        SH:  0    Dex: 11    Spells: 12/12 levels left

rFire   + . .      SeeInvis .   c - +0 morningstar
rCold   + . .      Faith    .   (no shield)
rNeg    . . .      Spirit   .   n - +0 plate armour
rPois   .          Reflect  .   (helmet restricted)
rElec   .          Harm     .   i - scarf {rC+ rF+}
rCorr   .          Rampage  .   g - +1 pair of gloves
Will    .....                   q - +2 pair of boots
Stlth   ..........              (no amulet)
HPRegen 0.31/turn               j - +4 ring of protection
MPRegen 0.13/turn               m - +4 ring of evasion

@: on berserk cooldown, slowed, very slow
A: horns 2, retaliatory headbutt
a: Renounce Religion, Berserk, Trog's Hand


You were on level 5 of the Lair of Beasts.
You worshipped Trog.
Trog was most pleased with you.
You visited 2 branches of the dungeon, and saw 14 of its levels.

You collected 923 gold pieces.
You spent 442 gold pieces at shops.


Innate Abilities, Weirdness & Mutations

You have a pair of horns on your head.
You reflexively headbutt those who attack you in melee.


   Skills:
 - Level 16.1 Fighting
 - Level 18.1 Axes
 - Level 2.6 Throwing
 + Level 14.4 Armour
 - Level 7.0 Dodging


You had 12 spell levels left.
You didn't know any spells.
Your spell library was empty.

Inventory:

Hand Weapons
 c - a +0 morningstar (weapon)
 Y - a +0 broad axe
Armour
 d - a +2 cloak
 g - a +1 pair of gloves (worn)
 i - a scarf of resistance (worn)
 n - a +0 plate armour (worn)
 q - a +2 pair of boots (worn)
Jewellery
 j - a +4 ring of protection (left hand)
 k - the ring "Zemenint" {Fly rN+ Will+}
   (You found it on level 5 of the Lair of Beasts)

   [ring of willpower]

   rN:        It protects you from negative energy.
   Fly:       It grants you flight.
   Will:      It increases your willpower.
 m - a +4 ring of evasion (right hand)
Scrolls
 b - 5 scrolls of identify
 h - a scroll of summoning {unknown}
 o - a scroll of noise {unknown}
Potions
 a - 5 potions of curing
 e - 2 potions of haste
 f - 3 potions of might
 l - 3 potions of mutation

Dungeon Overview and Level Annotations

Branches:
Dungeon (9/15)             Temple (0/1) D:5            Lair (5/5) D:9
  Swamp (0/4) Lair:2       Spider (0/4) Lair:3        Slime (0/5) Lair:4
    Orc: D:9-12

Altars:
Dithmenos
Makhleb
Okawaru
Qazlal
Ru
Trog
Uskayaw
Wu Jian

Shops:
D:2 :   D:5 [   D:8 ([:!

Annotations:
D:7 2 transporters, qw's ghost, novice MiBe
Lair:4 1 runed translucent door, qw's ghost, journeyman GrBe


Message History

The six-headed hydra bites you but does no damage. x2
The six-headed hydra barely misses you. x2
The snapping turtle barely misses you.
You hit the elephant but do no damage. You headbutt the elephant.
The elephant is almost dead.
The elephant tramples you but does no damage.
The elephant misses you.
The six-headed hydra closely misses you.
You furiously retaliate!
You headbutt the six-headed hydra! The six-headed hydra bites you.
The six-headed hydra bites you but does no damage.
The six-headed hydra bites you!
The six-headed hydra bites you but does no damage. x2
The blink frog blinks!
The snapping turtle misses you.
The elephant tramples you but does no damage.
The elephant barely misses you.
You thump the elephant!
You kill the elephant!
Trog accepts your kill.
The six-headed hydra bites you but does no damage.
The six-headed hydra misses you. x2; The six-headed hydra bites you!
The six-headed hydra closely misses you.
The six-headed hydra bites you but does no damage.
The snapping turtle bites you but does no damage.
The six-headed hydra bites you!
The six-headed hydra bites you but does no damage. x2
The six-headed hydra closely misses you.
The six-headed hydra bites you but does no damage.
The six-headed hydra misses you.
The snapping turtle bites you from afar.
You barely miss the four-headed hydra. You headbutt the four-headed hydra.
The four-headed hydra is moderately wounded.
The blink frog blinks!
The four-headed hydra bites you but does no damage. x2
The four-headed hydra bites you!
The four-headed hydra bites you but does no damage.
The six-headed hydra bites you but does no damage. x3
The six-headed hydra closely misses you.
The six-headed hydra bites you.
You die...

.##.........P.............##
..#.......................P#
.....~...........P....#...# #
...~~............#.#.#....##..
#~~~##.F..P...##..%...........
##~~ #~.#.########.#..%.......
~~~~~~...... ####.........
#~.~~~~...F.##########....#..#
~#~.~#~.....#.##@##........#
#~~##~....%¤YhDD#........P#
#~~ ~~....%..tYSY.........# #P
~......#..lY+###..##.##
~.....##.............# #.....
#%.#...........
~~.........F.......#.#.
~..................#..
#~........#.........


You could see a six-headed hydra, a four-headed hydra, 2 elephants, a snapping
turtle, a polar bear, a komodo dragon, 2 yaks, a blink frog and a water
moccasin.

Vanquished Creatures
  4 hydras
  A catoblepas (Lair:4)
  A boulder beetle (Lair:4)
  13 death yaks (Lair:3)
  A merfolk avatar (Lair:5)
  Pikel (D:8)
  A harpy (Lair:5)
  A wolf spider (Lair:3)
  An oklob plant (Lair:3)
  6 elephants (Lair:5)
  3 black mambas
  Joseph (D:7)
  12 cane toads
  6 komodo dragons
  6 rime drakes
  A snapping turtle (Lair:5)
  A hornet (Lair:5)
  3 polar bears
  A slime creature (Lair:4)
  4 dream sheep (Lair:3)
  Prince Ribbit (D:8)
  19 blink frogs
  A shadow (D:9)
  2 jumping spiders (Lair:3)
  A culicivora (Lair:3)
  6 humans (Lair:3)
  4 wyverns
  35 yaks
  6 basilisks
  A steam dragon (D:9)
  12 water moccasins
  2 orc warriors
  Duvessa (D:4)
  2 black bears
  2 ice beasts
  2 ogres
  6 wolves (Lair:3)
  2 centaurs (D:7)
  2 kobold brigands
  3 lemures (D:8)
  2 phantoms
  6 bullfrogs
  3 scorpions
  A necrophage (D:4)
  5 wights (D:9)
  Dowan (D:4)
  A killer bee (D:8)
  A howler monkey (D:5)
  6 hounds
  3 orc priests
  6 jellies
  2 iguanas (D:6)
  Natasha (thrice) (D:3)
  6 orc wizards
  3 gnolls (D:5)
  8 adders
  2 white imps
  An ufetubus (D:5)
  3 worms
  2 dart slugs
  26 orcs
  8 ball pythons
  5 endoplasms
  5 giant cockroaches
  11 goblins
  5 hobgoblins
  9 jackals
  2 quokkas
  4 bats
  5 frilled lizards
  12 kobolds
  4 rats
339 creatures vanquished.

Vanquished Creatures (collateral kills)
  A hydra (Lair:2)
  A cane toad (Lair:2)
  2 blink frogs (Lair:5)
  A yak (Lair:5)
5 creatures vanquished.

Vanquished Creatures (others)
  A goblin (D:3)
  A quokka (D:3)
  28 fungi
  57 plants
87 creatures vanquished.

Grand Total: 431 creatures vanquished

Notes
Turn   | Place    | Note
-------+----------+-------------------------------------------
     0 | D:1      | qw the Minotaur Berserker began the quest for the Orb.
     0 | D:1      | Reached XP level 1. HP: 19/19 MP: 0/0
     0 | D:1      | 0 ||| qw: Version: 0.1-a-119-g272c26d
     0 | D:1      | 0 ||| qw: Game counter: 11271
     0 | D:1      | 0 ||| qw: Always use a shield: true
     0 | D:1      | 0 ||| qw: Do Orc after D:15 true
     0 | D:1      | 0 ||| qw: Do second Lair branch before Depths: true
     0 | D:1      | 0 ||| qw: Lair rune preference: random
     0 | D:1      | 0 ||| qw: Plans: Normal
     0 | D:1      | 0 ||| PLANNING D:1-11
   156 | D:1      | Reached skill level 4 in Axes
   252 | D:1      | Reached XP level 2. HP: 23/26 MP: 1/1
   290 | D:1      | 290 ||| Stepping ~*~*~tactically~*~*~ (stealth).
   355 | D:1      | 355 ||| Stepping ~*~*~tactically~*~*~ (stealth).
   357 | D:1      | 357 ||| Stepping ~*~*~tactically~*~*~ (stealth).
   358 | D:1      | 358 ||| Stepping ~*~*~tactically~*~*~ (stealth).
   475 | D:1      | Reached skill level 5 in Axes
   495 | D:1      | 495 ||| DROPPING +0 club.
   901 | D:1      | 901 ||| UPGRADING to +0 leather armour.
   911 | D:1      | 911 ||| DROPPING +0 animal skin.
   912 | D:1      | 912 ||| UPGRADING to +0 cloak.
   917 | D:1      | 917 ||| UPGRADING to +0 ring mail.
   927 | D:1      | 927 ||| DROPPING +0 leather armour.
   972 | D:2      | Reached XP level 3. HP: 31/31 MP: 2/2
   989 | D:2      | Found Vaepiy's Book Emporium.
  1064 | D:2      | Reached ** piety under Trog
  1103 | D:2      | Found an iron altar of Okawaru.
  1104 | D:2      | 1104 ||| SWAPPING to +0 war axe.
  1105 | D:2      | 1105 ||| DROPPING +0 hand axe.
  1134 | D:2      | 1134 ||| INVOKING Berserk.
  1284 | D:2      | 1284 ||| INVOKING Berserk.
  1548 | D:2      | Noticed a scorpion
  1555 | D:2      | Killed a scorpion
  1556 | D:2      | Reached skill level 6 in Axes
  1556 | D:2      | Reached XP level 4. HP: 26/39 MP: 3/3
  2291 | D:2      | 2291 ||| Stepping ~*~*~tactically~*~*~ (hiding).
  2568 | D:2      | 2568 ||| DRINKING 2 viscous blue potions.
  2569 | D:2      | 2569 ||| DRINKING 2 murky purple potions.
  2570 | D:2      | 2570 ||| DRINKING 2 bubbling silvery potions.
  2571 | D:2      | 2571 ||| DROPPING potion of degeneration.
  2877 | D:3      | 2877 ||| FLEEEEING.
  2878 | D:3      | 2878 ||| FLEEEEING.
  2881 | D:3      | 2881 ||| FLEEEEING.
  2882 | D:3      | 2882 ||| FLEEEEING.
  2883 | D:3      | 2883 ||| FLEEEEING.
  2884 | D:3      | 2884 ||| FLEEEEING.
  2885 | D:3      | 2885 ||| FLEEEEING.
  2886 | D:3      | 2886 ||| FLEEEEING.
  2887 | D:3      | 2887 ||| FLEEEEING.
  2888 | D:3      | 2888 ||| FLEEEEING.
  2889 | D:3      | 2889 ||| FLEEEEING.
  2891 | D:3      | 2891 ||| FLEEEEING.
  2893 | D:3      | 2893 ||| FLEEEEING.
  2894 | D:3      | 2894 ||| FLEEEEING.
  2895 | D:3      | 2895 ||| FLEEEEING.
  2896 | D:3      | 2896 ||| FLEEEEING.
  2897 | D:3      | 2897 ||| FLEEEEING.
  2898 | D:3      | 2898 ||| FLEEEEING.
  2899 | D:3      | 2899 ||| FLEEEEING.
  2900 | D:3      | 2900 ||| FLEEEEING.
  2954 | D:3      | Noticed Natasha
  2956 | D:3      | 2956 ||| INVOKING Berserk.
  2959 | D:3      | Killed Natasha
  2960 | D:3      | Reached skill level 7 in Axes
  2960 | D:3      | Reached XP level 5. HP: 45/45 MP: 4/4
  3105 | D:3      | Noticed Natasha
  3106 | D:3      | 3106 ||| Stepping ~*~*~tactically~*~*~ (hiding).
  3107 | D:3      | 3107 ||| INVOKING Berserk.
  3111 | D:3      | Killed Natasha
  3172 | D:3      | Noticed Natasha
  3173 | D:3      | 3173 ||| INVOKING Berserk.
  3176 | D:3      | Killed Natasha
  3540 | D:3      | 3540 ||| UPGRADING to +0 scale mail.
  3550 | D:3      | 3550 ||| DROPPING +0 ring mail.
  3551 | D:3      | 3551 ||| DROPPING amulet of magic regeneration.
  3552 | D:3      | 3552 ||| DROPPING ring of flight.
  3553 | D:3      | 3553 ||| READING scroll labelled HAUPPO QIYXKO.
  3558 | D:3      | 3558 ||| READING scroll labelled TOOJIE HUBROS.
  3559 | D:3      | 3559 ||| READING 2 scrolls labelled ASEXAM XEOLAOT.
  3560 | D:3      | 3560 ||| READING scroll of enchant armour.
  3560 | D:3      | 3560 ||| ENCHANTING +0 cloak.
  3592 | D:4      | Noticed an ogre
  3594 | D:4      | 3594 ||| INVOKING Berserk.
  3599 | D:4      | Killed an ogre
  3600 | D:4      | Reached skill level 8 in Axes
  3600 | D:4      | Reached XP level 6. HP: 52/52 MP: 5/5
  4037 | D:4      | 4037 ||| DROPPING +0 whip.
  4041 | D:4      | Noticed an ice beast
  4042 | D:4      | 4042 ||| INVOKING Berserk.
  4051 | D:4      | Killed an ice beast
  4052 | D:4      | Reached skill level 9 in Axes
  4233 | D:4      | Reached XP level 7. HP: 56/61 MP: 6/6
  4299 | D:4      | Noticed Duvessa
  4299 | D:4      | Noticed Dowan
  4300 | D:4      | 4300 ||| INVOKING Berserk.
  4302 | D:4      | Killed Dowan
  4308 | D:4      | Killed Duvessa
  4598 | D:4      | 4598 ||| UPGRADING to +0 chain mail.
  4608 | D:4      | 4608 ||| DROPPING +0 scale mail.
  4609 | D:4      | 4609 ||| READING 2 scrolls labelled IZOZXU ONUS.
  4610 | D:4      | 4610 ||| DRINKING 2 coppery potions.
  4622 | D:5      | Entered Level 5 of the Dungeon
  4655 | D:5      | 4655 ||| Stepping ~*~*~tactically~*~*~ (hiding).
  4834 | D:5      | Reached skill level 3 in Armour
  4839 | D:5      | Reached *** piety under Trog
  4891 | D:5      | Reached skill level 10 in Axes
  4910 | D:5      | Found a staircase to the Ecumenical Temple.
  4936 | D:5      | Found Jed Puss's Antique Armour Emporium.
  4945 | D:5      | 4945 ||| BUYING pair of embroidered boots (232 gold).
  4945 | D:5      | Bought a pair of embroidered boots for 232 gold pieces
  4945 | D:5      | 4945 ||| SHOPLISTING pair of gloves (139 gold, have 88).
  5126 | D:5      | Reached skill level 6 in Fighting
  5237 | D:5      | Reached XP level 8. HP: 54/70 MP: 7/7
  5321 | D:5      | 5321 ||| INVOKING Berserk.
  5530 | D:5      | Identified the +7 sling "Siyth" {venom, +Blink Fly rC-}
  5617 | D:5      | Reached skill level 11 in Axes
  5725 | D:5      | 5725 ||| UPGRADING to +2 pair of boots.
  5730 | D:5      | 5730 ||| READING scroll labelled ABUEKE EDOA.
  5731 | D:5      | 5731 ||| READING scroll labelled OHEPUWN CY OGIUL.
  5732 | D:5      | 5732 ||| DRINKING 3 smoky white potions.
  5733 | D:5      | 5733 ||| READING 4 scrolls of identify.
  5733 | D:5      | 5733 ||| IDENTIFYING blue potion
  5734 | D:5      | 5734 ||| READING 3 scrolls of identify.
  5734 | D:5      | 5734 ||| IDENTIFYING ruby potion
  5735 | D:5      | 5735 ||| READING 2 scrolls of identify.
  5735 | D:5      | 5735 ||| IDENTIFYING glowing purple potion
  5736 | D:5      | 5736 ||| DROPPING potion of attraction.
  5737 | D:5      | 5737 ||| DROPPING potion of invisibility.
  5738 | D:5      | 5738 ||| DROPPING 2 potions of flight.
  5739 | D:5      | 5739 ||| Stepping randomly (stuck).
  5740 | D:5      | 5740 ||| Stepping ~*~*~tactically~*~*~ (cloud).
  5932 | D:6      | 5932 ||| Stepping ~*~*~tactically~*~*~ (stealth).
  5940 | D:6      | 5940 ||| INVOKING Berserk.
  5968 | D:6      | 5968 ||| Stepping ~*~*~tactically~*~*~ (stealth).
  6106 | D:6      | Reached skill level 1 in Throwing
  6106 | D:6      | 6106 ||| Stepping ~*~*~tactically~*~*~ (hiding).
  6217 | D:6      | 6217 ||| DROPPING +0 flail.
  6552 | D:6      | Reached skill level 12 in Axes
  6576 | D:6      | Found a stormy altar of Qazlal.
  6820 | D:6      | 6820 ||| UPGRADING to +4 ring of protection.
  6821 | D:6      | 6821 ||| DROPPING ring of ice.
  6822 | D:6      | 6822 ||| READING 4 scrolls of identify.
  6822 | D:6      | 6822 ||| IDENTIFYING inky potion
  6823 | D:6      | 6823 ||| READING 3 scrolls of identify.
  6823 | D:6      | 6823 ||| IDENTIFYING murky sapphire potion
  6824 | D:6      | 6824 ||| READING 2 scrolls of identify.
  6824 | D:6      | 6824 ||| IDENTIFYING metallic black potion
  6825 | D:6      | 6825 ||| DROPPING potion of ambrosia.
  6826 | D:6      | 6826 ||| DROPPING potion of magic.
  6827 | D:6      | 6827 ||| DROPPING potion of lignification.
  6897 | D:7      | 6897 ||| Stepping ~*~*~tactically~*~*~ (stealth).
  6904 | D:7      | 6904 ||| INVOKING Berserk.
  7015 | D:7      | 7015 ||| SWAPPING to +0 broad axe.
  7016 | D:7      | 7016 ||| DROPPING +1 war axe.
  7055 | D:7      | 7055 ||| Stepping ~*~*~tactically~*~*~ (hiding).
  7056 | D:7      | 7056 ||| Stepping ~*~*~tactically~*~*~ (hiding).
  7061 | D:7      | 7061 ||| DRINKING potion of curing.
  7061 | D:7      | 7061 ||| (to cure confusion)
  7064 | D:7      | 7064 ||| INVOKING Berserk.
  7075 | D:7      | Reached XP level 9. HP: 79/79 MP: 8/8
  7095 | D:7      | 7095 ||| Stepping ~*~*~tactically~*~*~ (stealth).
  7217 | D:7      | Noticed a two-headed ogre
  7217 | D:7      | Noticed qw's ghost (novice MiBe)
  7300 | D:7      | Found a transporter.
  7301 | D:7      | Found a transporter.
  7314 | D:7      | Found a bloodstained altar of Trog.
  7315 | D:7      | Noticed a moth of wrath
  7538 | D:7      | 7538 ||| Stepping ~*~*~tactically~*~*~ (hiding).
  7601 | D:7      | Noticed Joseph
  7602 | D:7      | 7602 ||| Stepping ~*~*~tactically~*~*~ (hiding).
  7603 | D:7      | 7603 ||| Stepping ~*~*~tactically~*~*~ (hiding).
  7620 | D:7      | Killed Joseph
  7676 | D:7      | 7676 ||| FLEEEEING.
  7792 | D:7      | 7792 ||| INVOKING Berserk.
  7794 | D:7      | Reached skill level 13 in Axes
  7881 | D:7      | 7881 ||| Stepping ~*~*~tactically~*~*~ (stealth).
  7884 | D:7      | 7884 ||| INVOKING Berserk.
  8051 | D:7      | 8051 ||| UPGRADING to +2 ring mail of poison resistance.
  8061 | D:7      | 8061 ||| READING scroll labelled ZUIMADD INENOMN.
  8062 | D:7      | 8062 ||| READING scroll labelled RODGHO JOPPOXZA.
  8063 | D:7      | 8063 ||| DRINKING 2 golden potions.
  8064 | D:7      | 8064 ||| DROPPING potion of brilliance.
  8190 | D:8      | 8190 ||| READING scroll of enchant armour.
  8190 | D:8      | 8190 ||| ENCHANTING +1 cloak.
  8271 | D:8      | Reached skill level 3 in Dodging
  8446 | D:8      | Noticed Prince Ribbit
  8447 | D:8      | 8447 ||| INVOKING Berserk.
  8449 | D:8      | Killed Prince Ribbit
  8475 | D:8      | Noticed Pikel
  8486 | D:8      | Killed Pikel
  8487 | D:8      | Reached skill level 9 in Fighting
  8670 | D:8      | Found Juymutt's Distillery.
  8670 | D:8      | Found Gomeoha's Book Emporium.
  8674 | D:8      | Found Iwaufel's Antique Armour Emporium.
  8675 | D:8      | 8675 ||| Stepping ~*~*~tactically~*~*~ (hiding).
  8676 | D:8      | 8676 ||| Stepping ~*~*~tactically~*~*~ (hiding).
  8678 | D:8      | 8678 ||| DRINKING 3 potions of curing.
  8678 | D:8      | 8678 ||| (to cure confusion)
  8682 | D:8      | Reached **** piety under Trog
  8697 | D:8      | Found Gur Hequ's Weapon Emporium.
  8699 | D:8      | 8699 ||| BUYING potion of curing (42 gold).
  8699 | D:8      | Bought a potion of curing for 42 gold pieces
  8699 | D:8      | 8699 ||| BUYING potion of might (56 gold).
  8699 | D:8      | Bought a potion of might for 56 gold pieces
  8699 | D:8      | 8699 ||| BUYING potion of mutation (112 gold).
  8699 | D:8      | Bought a potion of mutation for 112 gold pieces
  8707 | D:8      | 8707 ||| SHOPLISTING +0 morningstar (56 gold, have 40).
  8707 | D:8      | 8707 ||| SHOPLISTING +2 morningstar of protection (235
                  | gold, have 40).
  8711 | D:8      | 8711 ||| SHOPLISTING glowing buckler (180 gold, have 40).
  8711 | D:8      | 8711 ||| SHOPLISTING jewelled buckler (228 gold, have 40).
  8711 | D:8      | 8711 ||| SHOPLISTING pair of gloves (108 gold, have 40).
  9162 | D:8      | 9162 ||| READING scroll labelled DUPONN SOIR.
  9264 | D:8      | 9264 ||| STAIRDANCE
  9410 | D:9      | 9410 ||| Stepping ~*~*~tactically~*~*~ (stealth).
  9417 | D:9      | Reached XP level 10. HP: 91/91 MP: 9/9
  9425 | D:9      | Reached skill level 14 in Axes
  9433 | D:9      | 9433 ||| FLEEEEING.
  9437 | D:9      | 9437 ||| STAIRDANCE
  9521 | D:9      | 9521 ||| Stepping ~*~*~tactically~*~*~ (stealth).
  9558 | D:9      | Found a staircase to the Lair.
  9640 | D:9      | 9640 ||| FLEEEEING.
  9642 | D:9      | 9642 ||| FLEEEEING.
  9643 | D:9      | 9643 ||| FLEEEEING.
  9644 | D:9      | 9644 ||| FLEEEEING.
  9645 | D:9      | 9645 ||| FLEEEEING.
  9646 | D:9      | 9646 ||| FLEEEEING.
  9647 | D:9      | 9647 ||| FLEEEEING.
  9648 | D:9      | 9648 ||| FLEEEEING.
  9649 | D:9      | 9649 ||| FLEEEEING.
  9650 | D:9      | 9650 ||| FLEEEEING.
  9651 | D:9      | 9651 ||| FLEEEEING.
  9652 | D:9      | 9652 ||| FLEEEEING.
  9653 | D:9      | 9653 ||| FLEEEEING.
  9654 | D:9      | 9654 ||| FLEEEEING.
  9657 | D:9      | 9657 ||| FLEEEEING.
  9849 | D:9      | 9849 ||| DROPPING +0 flail of draining.
  9930 | D:9      | 9930 ||| INVOKING Berserk.
  9936 | D:9      | Reached skill level 15 in Axes
 10138 | D:9      | Found an ornate altar of the Wu Jian Council.
 10138 | D:9      | Found a hide-covered altar of Uskayaw.
 10138 | D:9      | Found a shadowy altar of Dithmenos.
 10187 | D:9      | 10187 ||| Stepping ~*~*~tactically~*~*~ (hiding).
 10190 | D:9      | 10190 ||| INVOKING Berserk.
 10328 | D:9      | Found a burning altar of Makhleb.
 10332 | D:9      | Found a sacrificial altar of Ru.
 10589 | D:9      | 10589 ||| PLANNING LAIR
 10589 | D:9      | 10589 ||| DROPPING +0 chain mail.
 10590 | D:9      | 10590 ||| UPGRADING to +0 plate armour.
 10600 | D:9      | 10600 ||| DROPPING +2 ring mail of poison resistance.
 10601 | D:9      | 10601 ||| UPGRADING to +4 ring of evasion.
 10602 | D:9      | 10602 ||| DROPPING ring of ice.
 10603 | D:9      | 10603 ||| READING scroll labelled QYSITU CALOLOTH.
 10604 | D:9      | 10604 ||| READING scroll labelled QOUH UTWUAH.
 10762 | Lair:1   | Entered Level 1 of the Lair of Beasts
 10817 | Lair:1   | Found a stormy altar of Qazlal.
 10832 | Lair:1   | 10832 ||| INVOKING Berserk.
 10835 | Lair:1   | Reached skill level 6 in Armour
 10943 | Lair:1   | 10943 ||| Stepping ~*~*~tactically~*~*~ (stealth).
 10945 | Lair:1   | 10945 ||| Stepping ~*~*~tactically~*~*~ (stealth).
 10951 | Lair:1   | 10951 ||| Stepping ~*~*~tactically~*~*~ (stealth).
 10952 | Lair:1   | 10952 ||| Stepping ~*~*~tactically~*~*~ (stealth).
 11284 | Lair:1   | 11284 ||| INVOKING Berserk.
 11404 | Lair:1   | You fall into a shaft and drop 1 floor!
 11407 | Lair:2   | 11407 ||| Stepping ~*~*~tactically~*~*~ (stealth).
 11414 | Lair:2   | Reached skill level 16 in Axes
 11548 | Lair:2   | Noticed a five-headed hydra
 11549 | Lair:2   | 11549 ||| INVOKING Brothers in Arms.
 11550 | Lair:2   | 11550 ||| INVOKING Brothers in Arms.
 11552 | Lair:2   | 11552 ||| SWAPPING to +0 morningstar.
 11553 | Lair:2   | 11553 ||| INVOKING Berserk.
 11555 | Lair:2   | Killed a five-headed hydra
 11556 | Lair:2   | Reached XP level 11. HP: 97/97 MP: 10/10
 11560 | Lair:2   | 11560 ||| SWAPPING to +0 broad axe.
 11683 | Lair:2   | 11683 ||| DROPPING ring of see invisible.
 11684 | Lair:2   | 11684 ||| DROPPING +4 ring of slaying {mikee}.
 11685 | Lair:2   | 11685 ||| DROPPING ring of positive energy.
 11703 | Lair:1   | 11703 ||| Stepping ~*~*~tactically~*~*~ (stealth).
 11707 | Lair:1   | 11707 ||| INVOKING Berserk.
 11715 | Lair:1   | Reached skill level 17 in Axes
 11921 | Lair:1   | 11921 ||| INVOKING Berserk.
 12294 | Lair:1   | 12294 ||| UPGRADING to scarf of resistance.
 12304 | Lair:1   | 12304 ||| READING scroll labelled ETHRIO QATAPNATET.
 12546 | Lair:2   | Found a staircase to the Swamp.
 12560 | Lair:2   | Noticed a five-headed hydra
 12561 | Lair:2   | 12561 ||| INVOKING Brothers in Arms.
 12563 | Lair:2   | 12563 ||| SWAPPING to +0 morningstar.
 12564 | Lair:2   | 12564 ||| INVOKING Berserk.
 12564 | Lair:2   | Killed a five-headed hydra
 12588 | Lair:2   | 12588 ||| SWAPPING to +0 broad axe.
 12966 | Lair:2   | 12966 ||| INVOKING Berserk.
 13361 | Lair:3   | Found a hide-covered altar of Uskayaw.
 13361 | Lair:3   | Noticed an oklob plant
 13367 | Lair:3   | 13367 ||| INVOKING Berserk.
 13372 | Lair:3   | Killed an oklob plant
 13373 | Lair:3   | Reached skill level 18 in Axes
 13432 | Lair:3   | 13432 ||| INVOKING Berserk.
 13434 | Lair:3   | Reached skill level 9 in Armour
 13465 | Lair:3   | 13465 ||| Stepping ~*~*~tactically~*~*~ (stealth).
 13508 | Lair:3   | 13508 ||| FLEEEEING.
 13773 | Lair:3   | 13773 ||| INVOKING Berserk.
 13775 | Lair:3   | Reached XP level 12. HP: 110/110 MP: 11/11
 13983 | Lair:3   | 13983 ||| Stepping ~*~*~tactically~*~*~ (stealth).
 14028 | Lair:3   | Noticed a seven-headed hydra
 14029 | Lair:3   | 14029 ||| INVOKING Brothers in Arms.
 14031 | Lair:3   | 14031 ||| SWAPPING to +0 morningstar.
 14032 | Lair:3   | 14032 ||| INVOKING Berserk.
 14038 | Lair:3   | Killed a seven-headed hydra
 14044 | Lair:3   | 14044 ||| SWAPPING to +0 broad axe.
 14159 | Lair:3   | Noticed a death yak
 14160 | Lair:3   | 14160 ||| Stepping ~*~*~tactically~*~*~ (stealth).
 14161 | Lair:3   | 14161 ||| Stepping ~*~*~tactically~*~*~ (stealth).
 14165 | Lair:3   | Noticed a death yak
 14165 | Lair:3   | Noticed a death yak
 14166 | Lair:3   | 14166 ||| Stepping ~*~*~tactically~*~*~ (stealth).
 14167 | Lair:3   | 14167 ||| Stepping ~*~*~tactically~*~*~ (stealth).
 14168 | Lair:3   | 14168 ||| INVOKING Berserk.
 14170 | Lair:3   | Noticed a death yak
 14177 | Lair:3   | Killed a death yak
 14178 | Lair:3   | Reached skill level 12 in Fighting
 14179 | Lair:3   | Killed a death yak
 14186 | Lair:3   | Killed a death yak
 14192 | Lair:3   | Killed a death yak
 14298 | Lair:3   | 14298 ||| Stepping ~*~*~tactically~*~*~ (stealth).
 14415 | Lair:3   | Noticed a death yak
 14417 | Lair:3   | Noticed a death yak
 14417 | Lair:3   | Noticed a death yak
 14428 | Lair:3   | Found a hole to the Spider Nest.
 14430 | Lair:3   | 14430 ||| Stepping ~*~*~tactically~*~*~ (stealth).
 14434 | Lair:3   | 14434 ||| INVOKING Berserk.
 14687 | Lair:3   | 14687 ||| INVOKING Berserk.
 14813 | Lair:3   | 14813 ||| INVOKING Berserk.
 14817 | Lair:3   | Killed a death yak
 14841 | Lair:3   | Killed a death yak
 14841 | Lair:3   | HP: 21/115 [death yak (12)]
 14842 | Lair:3   | 14842 ||| DRINKING 7 potions of heal wounds.
 14843 | Lair:3   | 14843 ||| DRINKING 6 potions of heal wounds.
 14851 | Lair:3   | Killed a death yak
 15149 | Lair:3   | 15149 ||| Stepping ~*~*~tactically~*~*~ (stealth).
 15150 | Lair:3   | Noticed a death yak
 15150 | Lair:3   | Noticed a death yak
 15151 | Lair:3   | 15151 ||| Stepping ~*~*~tactically~*~*~ (stealth).
 15157 | Lair:3   | 15157 ||| INVOKING Berserk.
 15163 | Lair:3   | Killed a death yak
 15165 | Lair:3   | Noticed a death yak
 15168 | Lair:3   | Killed a death yak
 15169 | Lair:3   | Noticed a death yak
 15169 | Lair:3   | Noticed a death yak
 15169 | Lair:3   | Noticed a death yak
 15177 | Lair:3   | Killed a death yak
 15178 | Lair:3   | Reached skill level 12 in Armour
 15181 | Lair:3   | Killed a death yak
 15182 | Lair:3   | Reached skill level 6 in Dodging
 15182 | Lair:3   | Reached XP level 13. HP: 124/124 MP: 12/12
 15630 | Lair:4   | 15630 ||| Stepping ~*~*~tactically~*~*~ (cloud).
 15631 | Lair:4   | 15631 ||| Stepping ~*~*~tactically~*~*~ (cloud).
 15639 | Lair:4   | 15639 ||| INVOKING Berserk.
 15791 | Lair:4   | 15791 ||| Stepping ~*~*~tactically~*~*~ (stealth).
 15796 | Lair:4   | 15796 ||| INVOKING Berserk.
 16006 | Lair:4   | Reached skill level 15 in Fighting
 16165 | Lair:4   | 16165 ||| FLEEEEING.
 16166 | Lair:4   | 16166 ||| FLEEEEING.
 16167 | Lair:4   | 16167 ||| FLEEEEING.
 16168 | Lair:4   | 16168 ||| FLEEEEING.
 16170 | Lair:4   | 16170 ||| FLEEEEING.
 16171 | Lair:4   | 16171 ||| FLEEEEING.
 16172 | Lair:4   | 16172 ||| FLEEEEING.
 16173 | Lair:4   | 16173 ||| STAIRDANCE
 16319 | Lair:3   | 16319 ||| UPGRADING to +0 pair of gloves.
 16338 | Lair:4   | Found a staircase to the Slime Pits.
 16459 | Lair:4   | 16459 ||| Stepping ~*~*~tactically~*~*~ (stealth).
 16463 | Lair:4   | 16463 ||| INVOKING Berserk.
 16616 | Lair:4   | Found a runed translucent door.
 16933 | Lair:4   | Noticed qw's ghost (journeyman GrBe)
 16949 | Lair:5   | Entered Level 5 of the Lair of Beasts
 17008 | Lair:5   | 17008 ||| Stepping ~*~*~tactically~*~*~ (hiding).
 17090 | Lair:5   | 17090 ||| INVOKING Berserk.
 17158 | Lair:5   | 17158 ||| INVOKING Trog's Hand.
 17165 | Lair:5   | 17165 ||| INVOKING Berserk.
 17199 | Lair:5   | HP: 21/126 [wyvern (13)]
 17200 | Lair:5   | 17200 ||| READING scroll of teleportation.
 17201 | Lair:5   | 17201 ||| DRINKING 6 potions of heal wounds.
 17202 | Lair:5   | 17202 ||| DRINKING 5 potions of heal wounds.
 17204 | Lair:5   | HP: 29/126 [poisoned by a cane toad]
 17205 | Lair:5   | 17205 ||| DRINKING 4 potions of heal wounds.
 17209 | Lair:5   | HP: 31/126 [poisoned by a black mamba]
 17210 | Lair:5   | 17210 ||| DRINKING 3 potions of heal wounds.
 17215 | Lair:5   | HP: 31/126 [poisoned by a black mamba]
 17216 | Lair:5   | 17216 ||| DRINKING 2 potions of heal wounds.
 17220 | Lair:5   | HP: 26/126 [blink frog (7)]
 17221 | Lair:5   | 17221 ||| DRINKING potion of heal wounds.
 17235 | Lair:5   | 17235 ||| INVOKING Berserk.
 17242 | Lair:5   | HP: 23/127 [rime drake/flash freeze (22)]
 17270 | Lair:5   | HP: 24/127 [elephant (8)]
 17318 | Lair:5   | 17318 ||| INVOKING Berserk.
 17447 | Lair:5   | 17447 ||| INVOKING Brothers in Arms.
 17450 | Lair:5   | 17450 ||| SWAPPING to +0 morningstar.
 17451 | Lair:5   | 17451 ||| INVOKING Berserk.
 17644 | Lair:5   | 17644 ||| SWAPPING to +0 broad axe.
 17655 | Lair:5   | 17655 ||| Stepping ~*~*~tactically~*~*~ (stealth).
 17656 | Lair:5   | 17656 ||| Stepping ~*~*~tactically~*~*~ (stealth).
 17674 | Lair:5   | 17674 ||| SWAPPING to +0 morningstar.
 17675 | Lair:5   | 17675 ||| INVOKING Berserk.
 17777 | Lair:5   | 17777 ||| SWAPPING to +0 broad axe.
 17791 | Lair:5   | Identified the ring "Zemenint" {Fly rN+ Will+}
 17812 | Lair:5   | 17812 ||| READING scroll of enchant armour.
 17812 | Lair:5   | 17812 ||| ENCHANTING +0 pair of gloves.
 17829 | Lair:5   | 17829 ||| Stepping ~*~*~tactically~*~*~ (stealth).
 17911 | Lair:5   | 17911 ||| INVOKING Berserk.
 18109 | Lair:5   | 18109 ||| INVOKING Berserk.
 18131 | Lair:5   | 18131 ||| INVOKING Brothers in Arms.
 18132 | Lair:5   | 18132 ||| INVOKING Brothers in Arms.
 18134 | Lair:5   | 18134 ||| SWAPPING to +0 morningstar.
 18135 | Lair:5   | 18135 ||| Stepping ~*~*~tactically~*~*~ (outnumbered).
 18136 | Lair:5   | 18136 ||| Stepping ~*~*~tactically~*~*~ (outnumbered).
 18137 | Lair:5   | 18137 ||| Stepping ~*~*~tactically~*~*~ (outnumbered).
 18138 | Lair:5   | 18138 ||| Stepping ~*~*~tactically~*~*~ (outnumbered).
 18144 | Lair:5   | HP: 32/128 [six-headed hydra (9)]
 18145 | Lair:5   | HP: 15/128 [six-headed hydra (11)]
 18146 | Lair:5   | HP: 1/128 [four-headed hydra (9)]
 18146 | Lair:5   | Slain by a six-headed hydra

Levels and vault maps discovered:
D:1:      nagdon_arrival_zigzag_paths, layout_basic, minivault_4
D:2:      minmay_chambers_of_twos, layout_loops_corners, basic_altar,
          serial_shops, shop
D:3:      layout_loops_ring, uniq_natasha
D:4:      dreamdust_elfheim, layout_basic
D:5:      layout_basic, temple_green, serial_shops, nicolae_shop_stone,
          uniq_duvessa
D:6:      layout_loops_ring, nicolae_qazlal_general_emergency
D:7:      layout_loops_cross, gammafunk_ghost_wrathful_warriors,
          corexii_item_surrounded_by_moat, chequers_serial_rivers_large_a,
          uniq_joseph
D:8:      layout_basic, minmay_shop_grid_forest, nicolae_fountain_basement,
          uniq_pikel, uniq_prince_ribbit1
D:9:      layout_loops_ring, gammafunk_temple_overflow_claw,
          grunt_temple_overflow_open, dpeg_oklobed_lair
Lair:1:   layout_cave_pods, basic_altar, minivault_25, grunt_megastairs_5
Lair:2:   layout_chaotic_city, swamp_mist, serial_bayou_lake_a
Lair:3:   slaughterhouse, layout_long_grid, spider_nest_entry_funnel_web,
          lemuel_oklob_altar
Lair:4:   layout_loops_ring, minmay_slime_entry_pillars,
          ebering_ghost_reflecting_pool, eino_small_chamber_without_monster
Lair:5:   gammafunk_lair_ancient_temple, layout_gridlike, minivault_25

Skill      XL: |  1  2  3  4  5  6  7  8  9 10 11 12 13 |
---------------+----------------------------------------+-----
Axes           | 4 5 6 7 8 9 10 12 13 16 18 | 18.1
Fighting       | 4 5 6 7 9 11 14 16 | 16.1
Armour         | 3 5 8 9 12 14 | 14.4
Throwing       | 1 2 |  2.6
Dodging        | 3 4 6 7 |  7.0

Action                   |  1- 3 |  4- 6 |  7- 9 | 10-12 | 13-15 || total
-------------------------+-------+-------+-------+-------+-------++-------
Melee: Hand axe          |    54 |       |       |       |       ||    54
       Headbutt          |     8 |    13 |    40 |   104 |    56 ||   221
       Punch             |     1 |       |       |     3 |     1 ||     5
       War axe           |    22 |   105 |   127 |       |       ||   254
       Broad axe         |       |       |    89 |   372 |   232 ||   693
       Morningstar       |       |       |       |     9 |    15 ||    24
Throw: Boomerang         |       |       |    31 |    31 |       ||    62
Invok: Berserk           |     2 |     5 |     8 |    18 |    11 ||    44
       Brothers in Arms  |       |       |       |     3 |     2 ||     5
       Trog's Hand       |       |       |       |       |     1 ||     1
  Use: Potion            |       |     3 |     5 |     2 |     6 ||    16
       Scroll            |       |     4 |    13 |     3 |     2 ||    22
 Stab: Distracted        |       |       |     1 |       |       ||     1
Armor: Animal skin       |     5 |       |       |       |       ||     5
       Ring mail         |     6 |    14 |    20 |    15 |       ||    55
       Scale mail        |       |    12 |       |       |       ||    12
       Chain mail        |       |       |    89 |       |       ||    89
       Plate armour      |       |       |       |   146 |   177 ||   323
Dodge: Dodged            |    38 |    40 |    99 |   155 |   178 ||   510

Table legend:
 A = Non-vault XP
 B = Vault XP
 C = Vault XP percentage of total XP
 D = Non-vault monster count
 E = Vault monster count
 F = Vault count percentage of total count
                 A         B        C        D         E       F
            +---------+---------+-------+---------+---------+-------
      Total |   37851 |   23507 |  38.3 |     262 |      79 |  23.2
            +---------+---------+-------+---------+---------+-------
        D:1 |      37 |       0 |   0.0 |      23 |       0 |   0.0
        D:2 |     131 |      16 |  10.9 |      17 |       8 |  32.0
        D:3 |      92 |      35 |  27.6 |      15 |       1 |   6.2
        D:4 |     450 |     204 |  31.2 |      19 |       2 |   9.5
        D:5 |     726 |       0 |   0.0 |      21 |       0 |   0.0
        D:6 |     748 |       0 |   0.0 |      23 |       0 |   0.0
        D:7 |     926 |     434 |  31.9 |      16 |       1 |   5.9
        D:8 |     418 |    1239 |  74.8 |       7 |       7 |  50.0
        D:9 |    2297 |       0 |   0.0 |      23 |       0 |   0.0
     Lair:1 |    3542 |    1556 |  30.5 |      14 |       7 |  33.3
     Lair:2 |    5248 |       0 |   0.0 |      18 |       0 |   0.0
     Lair:3 |    9582 |   13516 |  58.5 |      29 |      35 |  54.7
     Lair:4 |    4149 |     395 |   8.7 |      10 |       4 |  28.6
     Lair:5 |    9505 |    6112 |  39.1 |      27 |      14 |  34.1
            +---------+---------+-------+---------+---------+-------
